 Dungeon Crawl Stone Soup version 0.24-a0-504-gcfb02b9 (webtiles) character file.

Game seed: 16336796681186696974

114 robertstho the Firebug (level 4, -4/32 HPs)
             Began as a Gnoll Fire Elementalist on July 16, 2019.
             Killed by nerve-wracking pain
             ... invoked by an orc priest
              (13 damage)
             ... on level 4 of the Dungeon.
             The game lasted 00:05:28 (2747 turns).

robertstho the Firebug (Gnoll Fire Elementalist)    Turns: 2747, Time: 00:05:29

Health: -4/32      AC:  4    Str: 10    XL:     4   Next: 98%
Magic:  0/11       EV: 14    Int: 19    God:
Gold:   100        SH:  0    Dex: 15    Spells: 3/13 levels left

rFire    . . .     SeeInvis .   l - +1 dagger
rCold    . . .     Gourm    .   (no shield)
rNeg     . . .     Faith    .   f - +0 leather armour (curse)
rPois    .         Spirit   .   (no helmet)
rElec    .         Reflect  .   (no cloak)
rCorr    .         Harm     .   g - +0 pair of gloves (curse)
MR       .....                  (no boots)
Stlth    +++.......             (no amulet)
HPRegen  0.10/turn              (no ring)
MPRegen  0.12/turn              (no ring)

@: no status effects
A: distributed training, fangs 1, strong nose
a: no special abilities


You were on level 4 of the Dungeon.
You were near starving.

You visited 1 branch of the dungeon, and saw 4 of its levels.

You collected 100 gold pieces.

Inventory:

Hand Weapons
 l - a +1 dagger (weapon)
Missiles
 b - 27 poisoned darts (quivered)
 h - 4 boomerangs
Armour
 a - a +0 robe
 f - a cursed +0 leather armour (worn)
 g - a cursed +0 pair of gloves (worn)
 p - a +2 robe of magic resistance
Wands
 d - a wand of flame (9)
 n - a wand of acid (10)
Scrolls
 e - 2 scrolls of teleportation
 q - a scroll of magic mapping
 r - 3 scrolls of remove curse {unknown}
 s - a scroll of identify
Potions
 i - a potion of flight {unknown}
 j - a potion of might {unknown}
 k - a potion of magic {unknown}
 m - a potion of haste {unknown}
 o - a potion of agility
 t - a potion of degeneration {unknown}
Comestibles
 c - 11 rations


   Skills:
 + Level 1.2 Fighting
 + Level 1.2 Short Blades
 + Level 1.2 Long Blades
 + Level 1.2 Axes
 + Level 1.2 Maces & Flails
 + Level 1.2 Polearms
 + Level 1.2 Staves
 + Level 1.2 Slings
 + Level 1.2 Bows
 + Level 1.2 Crossbows
 + Level 1.2 Throwing
 + Level 1.2 Armour
 + Level 4.7 Dodging
 + Level 4.3 Stealth
 + Level 1.2 Shields
 + Level 1.2 Unarmed Combat
 + Level 5.1 Spellcasting
 + Level 2.3 Conjurations
 + Level 1.0 Hexes
 + Level 1.0 Charms
 + Level 1.0 Summonings
 + Level 1.0 Necromancy
 + Level 1.0 Translocations
 + Level 1.0 Transmutations
 + Level 5.5 Fire Magic
 + Level 1.0 Ice Magic
 + Level 1.0 Air Magic
 + Level 1.0 Earth Magic
 + Level 1.0 Poison Magic
 + Level 1.4 Invocations
 + Level 1.2 Evocations


You had 3 spell levels left.
You knew the following spells:

 Your Spells              Type           Power        Failure   Level  Hunger
a - Flame Tongue          Conj/Fire      ###..        3%          1    None
b - Throw Flame           Conj/Fire      ###...       4%          2    #......
c - Conjure Flame         Conj/Fire      ###.....     10%         3    ##.....
d - Sticky Flame          Conj/Fire      ###.....     32%         4    ####...

Your spell library contained the following spells:

 Spells                   Type           Power        Failure   Level  Hunger
 Inner Flame              Hex/Fire       ###.....     13%         3    ##.....
 Fireball                 Conj/Fire      ###.......   65%         5    ######.


Dungeon Overview and Level Annotations

Branches:
Dungeon (4/15)
 Temple: D:4-7

Altars:


Innate Abilities, Weirdness & Mutations

Your experience applies equally to all skills.
You have very sharp teeth.
Your uncanny sense of smell can sniff out nearby items.


Message History

The orc priest miscasts a cantrip.
An orc comes into view. It is wielding a +0 mace.
Casting: Flame Tongue (safe; 3% risk of failure)
Confirm with . or Enter, or press ? or * to list all spells.
Aiming: Flame Tongue (safe; 3% risk of failure)
Press: ? - help, Shift-Dir - straight line, f/p - orc priest
Aim: an orc priest, wielding a +0 club and wearing a +0 chain mail (almost dead)
The flame tongue hits the orc priest but does no damage.
The orc priest is almost dead.
The orc shouts!
You hear a shout!
The orc priest barely misses you.
An orc comes into view. It is wielding a +0 trident.
Casting: Flame Tongue (safe; 3% risk of failure)
Confirm with . or Enter, or press ? or * to list all spells.
You don't have enough magic to cast that spell.
A giant cockroach comes into view.
The orc priest barely misses you.
The orc priest mumbles some strange prayers to Beogh against you.
Pain shoots through your body!
You die...

.............#
.............
............###
...............
..............#
...............
......)........
.o.....@.......
.##..#.o.......
# #.......(.
#.o.......
#.........
.......##.
.......s
?##..(....


You could see an orc priest, 2 orcs and a giant cockroach.

Vanquished Creatures
  An iguana (D:2)
  4 adders
  3 worms (D:2)
  2 leopard geckos (D:2)
  2 orcs
  A ball python (D:2)
  A bat (D:3)
  A giant cockroach (D:2)
  7 goblins
  A hobgoblin (D:3)
  3 jackals (D:1)
  5 frilled lizards
  7 kobolds
  5 rats
43 creatures vanquished.

Notes
Turn   | Place    | Note
-------+----------+-------------------------------------------
     0 | D:1      | robertstho the Gnoll Fire Elementalist began the quest for
                  | the Orb.
     0 | D:1      | Reached XP level 1. HP: 13/13 MP: 6/6
   686 | D:1      | Reached XP level 2. HP: 19/19 MP: 0/7
  1098 | D:2      | Reached XP level 3. HP: 25/25 MP: 5/9
  1155 | D:2      | Reached skill level 5 in Spellcasting
  1203 | D:2      | Reached skill level 1 in Invocations
  1514 | D:2      | Reached skill level 1 in Fighting
  1514 | D:2      | Reached skill level 1 in Short Blades
  1514 | D:2      | Reached skill level 1 in Long Blades
  1514 | D:2      | Reached skill level 1 in Axes
  1514 | D:2      | Reached skill level 1 in Maces & Flails
  1514 | D:2      | Reached skill level 1 in Polearms
  1514 | D:2      | Reached skill level 1 in Staves
  1514 | D:2      | Reached skill level 1 in Slings
  1514 | D:2      | Reached skill level 1 in Bows
  1514 | D:2      | Reached skill level 1 in Crossbows
  1514 | D:2      | Reached skill level 1 in Throwing
  1514 | D:2      | Reached skill level 1 in Armour
  1514 | D:2      | Reached skill level 1 in Shields
  1514 | D:2      | Reached skill level 1 in Unarmed Combat
  1514 | D:2      | Reached skill level 1 in Evocations
  1514 | D:2      | Reached XP level 4. HP: 32/32 MP: 8/11
  1541 | D:2      | Learned a level 2 spell: Throw Flame
  1545 | D:2      | Learned a level 3 spell: Conjure Flame
  1550 | D:2      | Learned a level 4 spell: Sticky Flame
  2058 | D:3      | Reached skill level 1 in Hexes
  2058 | D:3      | Reached skill level 1 in Charms
  2058 | D:3      | Reached skill level 1 in Summonings
  2058 | D:3      | Reached skill level 1 in Necromancy
  2058 | D:3      | Reached skill level 1 in Translocations
  2058 | D:3      | Reached skill level 1 in Transmutations
  2058 | D:3      | Reached skill level 1 in Ice Magic
  2058 | D:3      | Reached skill level 1 in Air Magic
  2058 | D:3      | Reached skill level 1 in Earth Magic
  2058 | D:3      | Reached skill level 1 in Poison Magic
  2239 | D:3      | Found a faded altar of an unknown god.
  2747 | D:4      | Killed from afar by an orc priest

Levels and vault maps discovered:
D:1:      dpeg_arrival_rooms_a, layout_loops_ring, serial_bayou_pond_c,
          nrook_loot_triangle
D:2:      layout_loops_ring
D:3:      layout_basic, chequers_ecumenical_altar_simple_redux
D:4:      layout_cave_pools, lemuel_round_altar

Skill      XL: |  1  2  3  4 |
---------------+-------------+-----
Conjurations   | 2 |  2.3
Spellcasting   | 5 |  5.1
Invocations    | 1 |  1.4
Fighting       | 1 |  1.2
Short Blades   | 1 |  1.2
Long Blades    | 1 |  1.2
Axes           | 1 |  1.2
Maces & Flails | 1 |  1.2
Polearms       | 1 |  1.2
Staves         | 1 |  1.2
Slings         | 1 |  1.2
Bows           | 1 |  1.2
Crossbows      | 1 |  1.2
Throwing       | 1 |  1.2
Armour         | 1 |  1.2
Shields        | 1 |  1.2
Unarmed Combat | 1 |  1.2
Evocations     | 1 |  1.2
Hexes          | 1 |  1.0
Charms         | 1 |  1.0
Summonings     | 1 |  1.0
Necromancy     | 1 |  1.0
Translocations | 1 |  1.0
Transmutations | 1 |  1.0
Ice Magic      | 1 |  1.0
Air Magic      | 1 |  1.0
Earth Magic    | 1 |  1.0
Poison Magic   | 1 |  1.0
Dodging        | |  4.7
Stealth        | |  4.3
Fire Magic     | |  5.5

Action                   |  1- 3 |  4- 6 || total
-------------------------+-------+-------++-------
Melee: Unarmed           |     5 |       ||     5
       Dagger            |     4 |     2 ||     6
       Bite              |     2 |       ||     2
 Cast: Flame Tongue      |    50 |    29 ||    79
       Throw Flame       |       |    15 ||    15
       Sticky Flame      |       |     1 ||     1
Evoke: Wand              |     2 |       ||     2
  Use: Scroll            |     3 |     3 ||     6
  Eat: Chunk             |     1 |     3 ||     4
Armor: Leather armour    |     6 |     3 ||     9
Dodge: Dodged            |    23 |    16 ||    39

Table legend:
 A = Non-vault XP
 B = Vault XP
 C = Vault XP percentage of total XP
 D = Non-vault monster count
 E = Vault monster count
 F = Vault count percentage of total count
                 A         B        C        D         E       F
            +---------+---------+-------+---------+---------+-------
      Total |     164 |       0 |   0.0 |      43 |       0 |   0.0
            +---------+---------+-------+---------+---------+-------
        D:1 |      15 |       0 |   0.0 |      10 |       0 |   0.0
        D:2 |      91 |       0 |   0.0 |      20 |       0 |   0.0
        D:3 |      55 |       0 |   0.0 |      12 |       0 |   0.0
        D:4 |       3 |       0 |   0.0 |       1 |       0 |   0.0
            +---------+---------+-------+---------+---------+-------
